 Dungeon Crawl Stone Soup version 0.20.1-1-g8b1a95d66d (webtiles) character file.

707 Ivernyr the Archer (level 7, 0/58 HPs)
             Began as a Centaur Hunter on Dec 10, 2017.
             Was an Initiate of Okawaru.
             Killed from afar by qepasa's ghost (10 damage)
             ... with a zap
             ... on level 5 of the Dungeon.
             The game lasted 00:15:58 (5223 turns).

Ivernyr the Archer (Centaur Hunter)                 Turns: 5223, Time: 00:15:58

Health: 0/58       AC:  6    Str: 18    XL:     7   Next: 39%
Magic:  7/7        EV: 11    Int: 10    God:    Okawaru [......]
Gold:   164        SH:  2    Dex: 17    Spells: 6/6 levels left

rFire    . . .     SeeInvis .   a - +1 shortbow
rCold    . . .     Gourm    .   (shield currently unavailable)
rNeg     . . .     Faith    .   m - +0 robe
rPois    +         Spirit   .   (no helmet)
rElec    .         Reflect  +   u - +0 cloak {rPois}
rCorr    .         Harm     .   n - +0 pair of gloves
MR       .....                  (no barding)
Stlth    +.........             s - +2 amulet of reflection
Regen    0.2/turn               g - +4 ring of strength
MPRegen  0.1/turn               v - +5 ring of dexterity

@: very quick
A: hooves 3, deformed body, speed 2, tough skin 3
a: Renounce Religion


You were on level 5 of the Dungeon.
You worshipped Okawaru.
Okawaru was noncommittal.
You were not hungry.

You visited 1 branch of the dungeon, and saw 5 of its levels.

You collected 164 gold pieces.

Inventory:

Hand Weapons
 a - a +1 shortbow (weapon)
Missiles
 d - 12 arrows (quivered)
Armour
 m - a +0 robe (worn)
 n - a +0 pair of gloves (worn)
 u - a +0 cloak of poison resistance (worn)
Jewellery
 g - a +4 ring of strength (left hand)
 s - a +2 amulet of reflection (around neck)
 v - a +5 ring of dexterity (right hand)
Scrolls
 e - a scroll of enchant weapon {unknown}
 j - 4 scrolls of identify {unknown}
 k - 2 scrolls of teleportation {unknown}
 l - 4 scrolls of remove curse {unknown}
 o - a scroll of random uselessness {unknown}
 p - a scroll of enchant armour {unknown}
Potions
 b - a potion of might {unknown}
 h - 2 potions of resistance {unknown}
 i - a potion of haste {unknown}
 t - a potion of brilliance {unknown}
Comestibles
 c - 2 royal jellies
 f - 4 bread rations
 q - 3 chunks of flesh
 r - a fruit


   Skills:
 + Level 3.9 Fighting
 * Level 8.7 Bows
 + Level 3.0 Dodging
 - Level 0.4 Stealth
 + Level 3.4 Unarmed Combat


You had 6 spell levels left.
You didn't know any spells.

Dungeon Overview and Level Annotations

Branches:
Dungeon (5/15)
 Temple: D:4-7

Altars:
Dithmenos
Okawaru

Annotations:
D:5 qepasa's ghost, novice FoAE


Innate Abilities, Weirdness & Mutations

You have hooves in place of feet.
Armour fits poorly on your strangely shaped body.
You cover ground very quickly.
You have extremely tough skin. (AC +3)


Message History

a dagger; a robe
Items here: ))) [ † a hand axe; a dagger x2; a robe; an orc corpse Firing (i - inventory):
d - 14 arrows (quivered)
Press: ? - help, Shift-Dir - straight line, f/p - qepasa's ghost
Aim: qepasa's ghost (heavily damaged)
You shoot an arrow. The arrow hits qepasa's ghost.
Qepasa's ghost is heavily damaged.
Qepasa's ghost points at you and mumbles some strange words.
The zap hits you! x2
Firing (i - inventory):
d - 13 arrows (quivered)
Press: ? - help, Shift-Dir - straight line, f/p - qepasa's ghost
Aim: qepasa's ghost (heavily damaged)
You shoot an arrow. The arrow hits qepasa's ghost.
Qepasa's ghost is severely damaged.
Qepasa's ghost gestures at you while chanting.
The zap hits you!
* * * LOW HITPOINT WARNING * * *
The zap hits you!
You die...

### #.###############
#...............#
#.#############.# #.# #.#
#.# #.#
#.#############@###### ####
#............##...W(.# .....
#............#######.#......
#............##.)....'......
#............##.#..(.#......
#....#######.##.#....#######
#....#.....#.##.#(...###
##.............(..........
#.........#.#.(...###.....#


You could see qepasa's ghost.

Vanquished Creatures
  An ogre (D:4)
  Blork the orc (D:4)
  A scorpion (D:4)
  A howler monkey (D:4)
  2 orc priests
  A centaur skeleton (D:4)
  A bullfrog skeleton (D:4)
  5 orc wizards
  An iguana (D:4)
  A worker ant (D:4)
  4 adders
  2 oozes
  An adder skeleton (D:3)
  3 worms
  4 leopard geckos
  14 orcs
  13 bats
  5 giant cockroaches
  5 goblins
  6 hobgoblins
  2 jackals (D:1)
  5 quokkas
  A ball python (D:2)
  4 frilled lizards
  A jackal skeleton (D:4)
  15 kobolds
  11 rats
111 creatures vanquished.

Notes
Turn   | Place    | Note
-------+----------+-------------------------------------------
     0 | D:1      | Ivernyr the Centaur Hunter began the quest for the Orb.
     0 | D:1      | Reached XP level 1. HP: 17/17 MP: 1/1
   317 | D:1      | Reached XP level 2. HP: 18/24 MP: 2/2
   423 | D:1      | Reached skill level 1 in Unarmed Combat
  1024 | D:1      | Reached XP level 3. HP: 29/29 MP: 3/3
  1345 | D:2      | Reached skill level 6 in Bows
  2053 | D:2      | Reached XP level 4. HP: 31/37 MP: 4/4
  2628 | D:3      | Reached XP level 5. HP: 42/42 MP: 5/5
  2918 | D:3      | Reached skill level 7 in Bows
  3424 | D:4      | Noticed Blork the orc
  3445 | D:4      | Killed Blork the orc
  3445 | D:4      | Reached XP level 6. HP: 28/51 MP: 6/6
  3582 | D:4      | Noticed an orc warrior
  4224 | D:4      | Reached skill level 8 in Bows
  4604 | D:4      | Reached XP level 7. HP: 58/58 MP: 7/7
  4629 | D:4      | Found an iron altar of Okawaru.
  4629 | D:4      | Found a shadowy altar of Dithmenos.
  4681 | D:4      | Became a worshipper of Warmaster Okawaru
  5079 | D:5      | Entered Level 5 of the Dungeon
  5191 | D:5      | Noticed qepasa's ghost (novice FoAE)
  5223 | D:5      | Killed from afar by qepasa's ghost

Skill      XL: |  1  2  3  4  5  6  7 |
---------------+----------------------+-----
Unarmed Combat | 1 2 3 |  3.4
Bows           | 6 7 8 |  8.7
Dodging        | 2 3 |  3.0
Fighting       | 3 |  3.9
Stealth        | |  0.4

Action                   |  1- 3 |  4- 6 |  7- 9 || total
-------------------------+-------+-------+-------++-------
Melee: Unarmed           |   162 |   118 |    19 ||   299
       Kick              |    34 |    49 |     7 ||    90
       Punch             |     1 |     1 |       ||     2
 Fire: Shortbow          |     7 |    81 |    23 ||   111
 Stab: Distracted        |       |     1 |       ||     1
  Eat: Chunk             |     3 |     6 |     2 ||    11
Armor: Skin              |    57 |       |       ||    57
       Robe              |     1 |    24 |     2 ||    27
Dodge: Dodged            |    92 |    74 |     5 ||   171
Block: Other             |       |     1 |       ||     1
